 Dungeon Sprint DCSS version 0.21-a0-71-g5e5ddd2 (webtiles) character file.

317 Kidiri the Insei (level 6, -3/51 HPs)
             Began as a Demonspawn Transmuter on June 19, 2017.
             Was a Priest of Wu Jian.
             Slain by a wight
             ... wielding a +3 scimitar of freezing
              (18 damage)
             ... in the Dungeon (Sprint VII: "The Pits").
             The game lasted 00:04:22 (387 turns).

Kidiri the Insei (Demonspawn Transmuter)             Turns: 387, Time: 00:04:23

Health: -3/51      AC:  2    Str: 12    XL:     6   Next: 20%
Magic:  13/13      EV: 14    Int: 14    God:    Wu Jian [***...]
Gold:   0          SH:  0    Dex: 14    Spells: 2/15 levels left

rFire    + . .     SeeInvis .     - Unarmed
rCold    . . .     Gourm    .   (no shield)
rNeg     . . .     Faith    .   b - +0 robe
rPois    .         Spirit   .   (helmet restricted)
rElec    .         Reflect  .   (no cloak)
rCorr    .         Harm     .   (no gloves)
MR       .....     NoTele   +   (no boots)
Stlth    +.........             (no amulet)
HPRegen  0.17/turn              (no ring)
MPRegen  0.13/turn              (no ring)

@: drained
A: horns 2, fire resistance 1
a: Renounce Religion


You were in the Dungeon.
You worshipped Wu Jian.
Wu Jian was most pleased with you.
You were not hungry.

You visited 1 branch

Inventory:

Armour
 b - a +0 robe (worn)
Scrolls
 j - a scroll of blinking
 l - 3 scrolls of remove curse
 m - 5 scrolls of amnesia
 n - a scroll of summoning
Potions
 e - 4 potions of heal wounds
 f - 5 potions of curing
 g - a potion of haste
 h - 4 potions of magic
 i - 2 potions of berserk rage
 k - 2 potions of invisibility
Books
 c - a book of Changes

   Spells                             Type                      Level
   a - Beastly Appendage              Transmutation                1
   b - Sticks to Snakes               Transmutation                2
   c - Spider Form                    Transmutation/Poison         3
   d - Ice Form                       Ice/Transmutation            4
   e - Blade Hands                    Transmutation                5
Comestibles
 a - 6 chunks of flesh
 d - 8 bread rations
 o - 40 fruits
 p - 7 meat rations


   Skills:
 * Level 5.2(4.8) Fighting
 + Level 3.2(2.9) Armour
 * Level 5.1(4.8) Dodging
 * Level 5.8(5.5) Unarmed Combat
 * Level 5.2(4.9) Spellcasting
 * Level 5.2(4.9) Transmutations
 + Level 3.1(2.8) Poison Magic


You had 2 spell levels left.
You knew the following spells:

 Your Spells              Type           Power        Failure   Level  Hunger
a - Beastly Appendage     Tmut           ###...       2%          1    None
b - Spider Form           Tmut/Pois      ##........   11%         3    ###....
c - Ice Form              Ice/Tmut       ##......     54%         4    ####...
d - Blade Hands           Tmut           ###.......   54%         5    ######.


Dungeon Overview and Level Annotations

Branches:
Dungeon (1/1)

Altars:
Ashenzari
Cheibriados
Dithmenos
Elyvilon
Fedhas
Gozag
Hepliaklqana
Kikubaaqudgha
Makhleb
Nemelex Xobeh
Okawaru
Qazlal
Ru
Sif Muna
Trog
Uskayaw
Vehumet
Wu Jian
Xom
Yredelemnul
Zin
The Shining One
Beogh
Jiyva
Lugonu


Innate Abilities, Weirdness & Mutations

You have a pair of horns on your head.
Your flesh is heat resistant. (rF+)


Message History

The wight hits you but does no damage.
You hit the wight but do no damage.
The wight is lightly damaged.
The wight hits you with a scimitar of freezing.
You feel drained. The wight freezes you.
You hit the wight but do no damage. You punch the wight.
The wight is moderately damaged.
The wight hits you with a scimitar of freezing!
The wight freezes you.
You closely miss the wight.
The wight is moderately damaged.
You punch the wight! Your punch misses the wight.
The wight is severely damaged.
The wight hits you with a scimitar of freezing!
The wight freezes you.
* * * LOW HITPOINT WARNING * * *
You hit the wight. You headbutt the wight.
The wight is almost destroyed.
The wight hits you with a scimitar of freezing!!
You die...

#.?(.+)))+.##.....
##########.##.....
#...........'.....
#'#####+#####.....
#.#..#...+.##.....
#.#..#...#.#####+#
#.#..#####.##.....
#.#..+...#)##.....
#@#..+[..รท)##.....
#z#..########...<.
#r#..+[))).##.....
#z#..#[))).##.....
#'###########.....
#......J# ######
#.......# #...#...#
#..## .Y#


You could see 2 wights and a rat.

Vanquished Creatures
  A warg (D)
  3 wights (D)
  Ijyb (D)
  A worker ant (D)
  A mummy (D)
  An adder (D)
  2 orcs (D)
  2 ball pythons (D)
  2 rats (D)
14 creatures vanquished.

Notes
Turn   | Place    | Note
-------+----------+-------------------------------------------
     0 | D        | Kidiri the Demonspawn Transmuter began the quest for the Orb.
     0 | D        | Reached XP level 1. HP: 15/15 MP: 3/3
    48 | D        | Found a bloodstained altar of Trog.
    48 | D        | Found a deep blue altar of Sif Muna.
    48 | D        | Found a viscous altar of Jiyva.
    48 | D        | Found a hazy altar of Hepliaklqana.
    48 | D        | Found an opulent altar of Gozag.
    49 | D        | Found a glowing golden altar of the Shining One.
    49 | D        | Found a glowing silver altar of Zin.
    49 | D        | Found a basalt altar of Yredelemnul.
    49 | D        | Found a shimmering altar of Xom.
    49 | D        | Found an ornate altar of the Wu Jian Council.
    49 | D        | Found a sacrificial altar of Ru.
    49 | D        | Found a stormy altar of Qazlal.
    49 | D        | Found an iron altar of Okawaru.
    49 | D        | Found a sparkling altar of Nemelex Xobeh.
    49 | D        | Found a burning altar of Makhleb.
    49 | D        | Found a blossoming altar of Fedhas.
    49 | D        | Found a white marble altar of Elyvilon.
    49 | D        | Found a shadowy altar of Dithmenos.
    49 | D        | Found a snail-covered altar of Cheibriados.
    51 | D        | Found a radiant altar of Vehumet.
    51 | D        | Found a corrupted altar of Lugonu.
    51 | D        | Found a roughly hewn altar of Beogh.
    52 | D        | Found a hide-covered altar of Uskayaw.
    52 | D        | Found an ancient bone altar of Kikubaaqudgha.
    52 | D        | Found a shattered altar of Ashenzari.
    58 | D        | Became a worshipper of the Wu Jian Council
    75 | D        | Noticed a worker ant
    81 | D        | Killed a worker ant
    81 | D        | Reached skill level 1 in Armour
    81 | D        | Mutation became permanent: You have a pair of small horns on your head. [demonic ancestry]
    81 | D        | Gained mutation: You have a pair of horns on your head. [demonic ancestry]
    81 | D        | Reached XP level 2. HP: 22/22 MP: 2/5
   130 | D        | Reached * piety under Wu Jian
   130 | D        | Reached XP level 3. HP: 22/28 MP: 5/7
   200 | D        | Learned a level 3 spell: Spider Form
   204 | D        | Noticed Ijyb
   209 | D        | Killed Ijyb
   216 | D        | Reached ** piety under Wu Jian
   217 | D        | Reached skill level 1 in Poison Magic
   315 | D        | Reached XP level 4. HP: 35/35 MP: 6/9
   317 | D        | Noticed a warg
   317 | D        | Reached *** piety under Wu Jian
   317 | D        | Gained mutation: You have a pair of horns on your head. [demonic ancestry]
   317 | D        | Reached XP level 5. HP: 42/42 MP: 6/11
   318 | D        | Reached skill level 5 in Unarmed Combat
   322 | D        | Killed a warg
   322 | D        | Reached skill level 5 in Spellcasting
   322 | D        | Reached skill level 5 in Transmutations
   322 | D        | Gained mutation: Your flesh is heat resistant. (rF+) [demonic ancestry]
   322 | D        | Reached XP level 6. HP: 50/50 MP: 6/13
   337 | D        | Learned a level 4 spell: Ice Form
   343 | D        | Learned a level 5 spell: Blade Hands
   363 | D        | Noticed a sky beast
   380 | D        | Reached skill level 5 in Fighting
   380 | D        | Reached skill level 5 in Dodging
   387 | D        | Slain by a wight

Vault maps used:
D:        pitsprint

Skill      XL: |  1  2  3  4  5  6 |
---------------+-------------------+-----
Unarmed Combat | 3 4 5 |  5.8
Transmutations | 2 3 4 5 |  5.2
Fighting       | 2 3 4 5 |  5.2
Armour         | 1 2 3 |  3.2
Dodging        | 2 3 4 5 |  5.1
Spellcasting   | 3 4 5 |  5.2
Poison Magic   | 1 2 3 |  3.1

Action                   |  1- 3 |  4- 6 || total
-------------------------+-------+-------++-------
Melee: Unarmed           |    36 |    21 ||    57
       Headbutt          |     7 |     2 ||     9
       Kick              |     7 |     1 ||     8
       Punch             |     1 |     1 ||     2
 Cast: Beastly Appendage |     6 |       ||     6
       Spider Form       |     1 |     1 ||     2
  Use: Potion            |     4 |       ||     4
Armor: Robe              |     3 |     1 ||     4
       Skin              |     1 |       ||     1
Dodge: Dodged            |    33 |     7 ||    40
